AoeStats
← Big Binouse

Arabia

505710845Analyzed
1v1 RM · 22d ago on Sep 10, 2026· 70m 44s· 2 players
Game mode
Random Map
Map size
Tiny (2 player)
Population
200
Speed
Normal
Resources
Standard
Victory
Conquest
Starting age
Dark Age
Ending age
Imperial Age
RankedLock teamsTeams togetherTeam positionsShared explorationLock speedFull tech treeHidden civsTurbo modeCheats
Victory
Defeat
🇧🇪 Byzantines · Belgium
1199
+16
🇸🇪 Sicilians · Sweden
1203
-16
Big Binouse
4:12 Loom
10:13 Feudal Age
17:58 Double-Bit Axe
22:27 Horse Collar
26:50 Castle Age
27:57 Wheelbarrow
29:44 Husbandry
37:21 Scale Barding Armor
37:27 Forging
37:56 Hand Cart
41:41 Fletching
42:54 Bodkin Arrow
44:39 Iron Casting
48:38 Imperial Age
47:37 Chain Barding Armor
49:45 Conscription
52:06 Plate Barding Armor
57:32 Logistica
60:41 Murder Holes
64:46 Conscription
66:10 Scale Mail Armor
GenGaiusMarius
7:02 Loom
16:15 Feudal Age
18:10 Double-Bit Axe
18:08 Horse Collar
20:51 Wheelbarrow
20:12 Gold Mining
20:13 Stone Mining
26:20 Forging
26:02 Fletching
26:17 Scale Mail Armor
26:26 Town Watch
33:02 Castle Age
34:13 Chain Mail Armor
34:08 Pikeman
35:15 Bow Saw
36:09 Iron Casting
36:16 Bodkin Arrow
37:06 Hand Cart
45:18 Imperial Age
45:49 Imperial Age
44:53 Murder Holes
45:20 Ballistics
51:36 Blast Furnace
50:39 Bracer
52:42 Guilds
54:05 Heavy Plow
54:56 Gold Shaft Mining
54:57 Stone Shaft Mining
55:40 Plate Mail Armor
55:25 Masonry
56:30 Chemistry
56:06 Town Patrol
60:06 Siege Engineers
68:36 Halberdier
Connection lost

Rejoining the realm…

Still unreachable

The connection could not be restored.

Session expired

The server has moved on; the page needs a fresh start.